 Dungeon Crawl Stone Soup version 0.17-a0-913-g36eb389 (webtiles) character file.

3467 hornqvist the Covert (level 10, -2/66 HPs)
             Began as an Octopode Assassin on May 3, 2015.
             Was an Initiate of Gozag.
             Slain by Joseph
             ... wielding a +0 quarterstaff
              (9 damage)
             ... on level 9 of the Dungeon.
             The game lasted 00:13:25 (9834 turns).

hornqvist the Covert (Octopode Assassin)            Turns: 9834, Time: 00:13:26

Health: -2/66      AC: 11    Str: 16    XL:     10   Next: 6%
Magic:  16/16      EV: 15    Int: 13    God:    Gozag
Gold:   450        SH:  0    Dex: 20    Spells: 2 memorised, 9 levels left

rFire  + . .     SeeInvis .     z - +4 long sword (protect)
rCold  + . .     Clarity  .     (no shield)
rNeg   . . .     SustAb   .     N - +2 hat
rPois  .         Gourm    .     (no amulet)
rElec  .         Spirit   .     s - ring of protection from fire
rCorr  .         Warding  .     w - ring of protection from magic
rMut   .         Stasis   .     F - +3 ring of protection
MR     +....                    J - +4 ring of dexterity
Stlth  +++++++...               K - +2 ring of dexterity
                                (no ring)
                                (no ring)
                                (no ring)

@: somewhat resistant to hostile enchantments, extremely stealthy
A: almost no armour, amphibious, 8 rings, constrict 8, camouflage 1, cold
resistance 1, strong 1, gelatinous body 1, evolution 1
a: Potion Petition, Call Merchant, Bribe Branch, Renounce Religion


You were on level 9 of the Dungeon.
You worshipped Gozag.
Gozag was noncommittal.
You were not hungry.

You visited 2 branches of the dungeon, and saw 10 of its levels.
You also visited: Ossuary.

You collected 587 gold pieces.
You paid 137 gold pieces to Gozag.

Inventory:

Hand weapons
 b - a cursed +0 blowgun
 j - a +0 dagger of draining
 o - a +3 dagger of chaos
 y - a +1 dagger of venom
 z - a +4 long sword of protection (weapon)
Missiles
 c - 58 poisoned needles
 d - 2 curare-tipped needles
Armour
 N - a +2 hat (worn)
Jewellery
 s - a ring of protection from fire (left tentacle)
 w - a ring of protection from magic (right tentacle)
 F - a +3 ring of protection (on tentacle)
 J - a +4 ring of dexterity (on tentacle)
 K - a +2 ring of dexterity (on tentacle)
Magical devices
 v - a wand of random effects (4)
 x - a wand of invisibility (9)
 H - a wand of teleportation (3)
 I - a wand of polymorph (2)
 M - a wand of draining (10)
Scrolls
 a - a scroll of fear
 f - a scroll of noise {unknown}
 g - 2 scrolls of enchant weapon
 h - a scroll of immolation {unknown}
 i - 5 scrolls of identify
 t - 2 scrolls of remove curse
 L - 2 scrolls of enchant armour {unknown}
 O - a scroll of magic mapping {unknown}
 P - a scroll of fog
Potions
 k - 2 potions of degeneration
 m - 8 potions of brilliance
 n - a potion of resistance
 p - a potion of cancellation {unknown}
 q - 2 potions of lignification
 r - 3 potions of heal wounds {unknown}
 u - 6 potions of curing {unknown}
 A - 4 potions of might {unknown}
 B - a potion of berserk rage {unknown}
 E - a potion of flight {unknown}
 G - a potion of invisibility
Books
 D - a book of Transfigurations

   Spells                             Type                      Level
   a - Stoneskin                      Transmutation/Earth          2
   b - Irradiate                      Conjuration/Transmutation    5
   c - Statue Form                    Transmutation/Earth          6
   d - Hydra Form                     Transmutation                6
   e - Dragon Form                    Transmutation                7
Comestibles
 e - 6 bread rations
 l - 3 meat rations


   Skills:
 - Level 5.1 Fighting
 + Level 1.4 Long Blades
 - Level 2.0 Throwing
 - Level 4.4 Dodging
 + Level 12.3 Stealth
 * Level 4.2 Spellcasting
 * Level 5.3 Transmutations
 * Level 5.3 Earth Magic


You had 9 spell levels left.
You knew the following spells:

 Your Spells              Type           Power        Failure   Level  Hunger
a - Stoneskin             Trmt/Erth      ###.....     4%          2    ##.....
b - Statue Form           Trmt/Erth      ###......    100%        6    #######


Dungeon Overview and Level Annotations

Branches:
Dungeon (9/15)             Temple (1/1) D:4
   Lair: D:8-11         Orc: D:9-12

Altars:
Ashenzari
Cheibriados
Dithmenos
Elyvilon
Fedhas
Gozag
Kikubaaqudgha
Makhleb
Okawaru
Qazlal
Ru
Sif Muna
Trog
Vehumet
Xom
Yredelemnul
Zin
The Shining One

Shops:
D:5 (   D:8 *

Annotations:
D:9 Joseph


Innate Abilities, Weirdness & Mutations

You cannot wear most types of armour.
You are amphibious.
You can wear up to eight rings at the same time.
You can use your tentacles to constrict eight enemies at once.
Your skin changes colour to match your surroundings (Stealth).
Your rubbery body absorbs attacks (AC +1).
Your flesh is cold resistant.
Your muscles are strong. (Str +2)
You evolve.


Message History

You hit Joseph but do no damage.
Joseph looks even sicker.
You squeeze Joseph, but do no damage. You constrict Joseph. The bat misses you.
The phantom closely misses you. The yak barely misses you.
Joseph hits you with an uncursed quarterstaff!
* * * LOW HITPOINT WARNING * * *
The yak gores you.
* * * LOW HITPOINT WARNING * * *
You take 15 damage, and have 17/66 hp.
MASSIVE DAMAGE!!
Wield which item (- for none, * to show all)? (? for menu, Esc to quit)
Your +1 dagger of venom stops dripping with poison.
You feel protected!
z - a +4 long sword of protection (weapon)
You constrict Joseph. The bat barely misses you. The yak misses you.
The phantom hits you but does no damage.
The yak gores you!
* * * LOW HITPOINT WARNING * * *
The yak barely misses you. The bat hits you but does no damage.
Joseph hits you with an uncursed quarterstaff!
You die...
Your body crumbles into a pile of gold.

$ ... ... ... ... ... ...
#######.#########.#
#.....#.#.......#.#
#.Y...#.#.......#.#
#@YW..#.#.......#.#
#.@bY(#.'.<.....#.. .Z
#.YY.('.#.......#..
....#.....#.#.......#..
.....#.....#.#########..
......#.....#............
......#######............
.........................
..........................
##+###...................


You could see Joseph, 5 yaks, a phantom and a bat.

Vanquished Creatures
  Psyche (D:8)
  3 black bears
  An ice beast (D:7)
  7 centaurs
  4 ogres
  A sky beast (D:5)
  2 big kobolds (D:9)
  A gnoll sergeant (D:8)
  Blork the orc (D:5)
  3 elf zombies (Ossuary)
  5 giant frogs
  4 killer bees (D:7)
  2 hounds
  2 jellies (D:7)
  Crazy Yiuf (D:2)
  2 human zombies (Ossuary)
  An iguana (D:4)
  An orc wizard (D:4)
  2 centaur skeletons
  Jessica (D:2)
  A gnoll shaman (D:4)
  7 worker ants
  A mummy (Ossuary)
  8 adders
  9 gnolls
  An ooze (D:2)
  An adder skeleton (D:6)
  An adder zombie (D:8)
  2 worms
  6 giant geckos
  14 orcs
  14 bats
  A bat skeleton (D:5)
  11 goblins
  11 hobgoblins
  10 jackals
  15 kobolds
  2 quokkas
  A ball python (D:1)
  8 giant cockroaches
  6 giant newts
  A jackal skeleton (D:8)
  10 rats
186 creatures vanquished.

Notes
Turn   | Place    | Note
--------------------------------------------------------------
     0 | D:1      | hornqvist, the Octopode Assassin, began the quest for the Orb.
     0 | D:1      | Reached XP level 1. HP: 14/14 MP: 1/1
   313 | D:1      | Reached XP level 2. HP: 17/19 MP: 2/2
   943 | D:2      | Reached skill level 6 in Stealth
  1003 | D:2      | Reached XP level 3. HP: 15/25 MP: 3/3
  1198 | D:2      | Noticed Jessica
  1212 | D:2      | Killed Jessica
  1212 | D:2      | Reached XP level 4. HP: 25/30 MP: 4/4
  1683 | D:2      | Noticed Crazy Yiuf
  1692 | D:2      | Killed Crazy Yiuf
  1692 | D:2      | Reached skill level 7 in Stealth
  2019 | D:2      | Reached XP level 5. HP: 26/36 MP: 5/5
  2392 | D:3      | Found a shattered altar of Ashenzari.
  2555 | D:3      | Found an iron altar of Okawaru.
  2933 | D:4      | Found a staircase to the Ecumenical Temple.
  2984 | Temple   | Entered the Ecumenical Temple
  3664 | D:4      | Reached XP level 6. HP: 42/42 MP: 6/6
  3673 | D:4      | Reached skill level 8 in Stealth
  4347 | D:5      | Entered Level 5 of the Dungeon
  4391 | D:5      | Reached XP level 7. HP: 44/48 MP: 7/7
  4411 | D:5      | Found a sacrificial altar of Ru.
  4448 | D:5      | Reached skill level 9 in Stealth
  4454 | D:5      | Gained mutation: You evolve. [mutagenic meat]
  4462 | D:5      | Found Roefos's Weapon Emporium.
  4916 | D:5      | Noticed Blork the orc
  4924 | D:5      | Killed Blork the orc
  4924 | D:5      | Reached skill level 10 in Stealth
  5037 | D:6      | Reached XP level 8. HP: 36/54 MP: 8/8
  5149 | D:6      | Reached skill level 5 in Fighting
  5158 | D:6      | Learned a level 2 spell: Stoneskin
  5409 | D:6      | Reached skill level 1 in Transmutations
  5409 | D:6      | Reached skill level 1 in Earth Magic
  5446 | D:6      | Reached skill level 11 in Stealth
  5501 | D:6      | Found a shimmering altar of Xom.
  6383 | D:7      | Reached skill level 1 in Spellcasting
  6447 | D:7      | Reached XP level 9. HP: 57/61 MP: 9/11
  7069 | D:7      | Gained mutation: Your flesh is cold resistant. [evolution]
  7361 | D:7      | Learned a level 6 spell: Statue Form
  7531 | D:8      | Noticed Psyche
  7532 | D:8      | Killed Psyche
  7649 | D:8      | Reached skill level 12 in Stealth
  7652 | D:8      | HP: 2/61 [gnoll/spear (10)]
  7749 | D:8      | Found a sand-covered staircase.
  7784 | Ossuary  | Entered an ossuary
  8025 | Ossuary  | Gained mutation: Your muscles are strong. (Str +2) [evolution]
  8125 | Ossuary  | HP: 2/61 [mummy (14)]
  8132 | D:8      | HP: 1/61 [kobold (3)]
  8614 | D:8      | Found Gozag's Platinum Reserve.
  8618 | D:8      | Found an opulent altar of Gozag.
  8627 | D:8      | Became a worshipper of Gozag Ym Sagoz the Greedy
  8988 | D:8      | Reached skill level 5 in Earth Magic
  9333 | D:9      | Found a bloodstained altar of Trog.
  9377 | D:9      | Reached skill level 1 in Long Blades
  9377 | D:9      | Reached skill level 5 in Transmutations
  9419 | D:9      | Reached XP level 10. HP: 59/66 MP: 15/15
  9825 | D:9      | Noticed Joseph
  9834 | D:9      | Slain by Joseph

Action                   |  1- 3 |  4- 6 |  7- 9 | 10-12 || total
-------------------------+-------+-------+-------+-------++-------
Melee: Dagger            |    44 |   159 |   140 |     3 ||   346
       Long sword        |       |       |    61 |    13 ||    74
 Cast: Stoneskin         |       |       |     2 |       ||     2
Invok: Potion Petition   |       |       |     1 |       ||     1
  Use: Scroll            |       |       |    18 |     1 ||    19
 Stab: Sleeping          |     5 |    25 |    34 |     3 ||    67
       Distracted        |     1 |     1 |       |       ||     2
  Eat: Chunk             |     1 |    10 |    12 |       ||    23
       Fruit             |       |       |     3 |       ||     3
       Pizza             |       |       |     1 |       ||     1
       Beef jerky        |       |       |       |     2 ||     2
